 Dungeon Crawl Stone Soup version 0.28.0-43-g3370ac3207 (webtiles) character file.

Game seed: 11342169377121863911

228 tizbic2 the Covert (level 6, 0/56 HPs)
             Began as a Naga Brigand on Mar 17, 2022.
             Slain by an orc
             ... wielding a +0 mace
              (1 damage)
             ... on level 3 of the Dungeon.
             The game lasted 00:15:49 (2696 turns).

tizbic2 the Covert (Naga Brigand)                   Turns: 2696, Time: 00:15:49

Health: 0/56       AC:  4    Str: 13    XL:     6   Next: 2%
Magic:  6/6        EV:  9    Int: 12    God:
Gold:   126        SH:  0    Dex: 14    Spells: 5/5 levels left

rFire   + . .      SeeInvis +   w - +2 dagger (speed)
rCold   . . .      Faith    .   (no shield)
rNeg    + . .      Spirit   .   b - +0 robe
rPois   +          Reflect  .   (no helmet)
rElec   .          Harm     .   c - +0 cloak
rCorr   .          Rampage  .   (no gloves)
Will    .....                   (no barding)
Stlth   ++++......              j - amulet "Naiheyng" {RegenMP rF+ rN+}
HPRegen 0.18/turn               (no ring)
MPRegen 0.50/turn               (no ring)

@: hasted, quick
A: AC +2, large, see invisible, deformed body, poison resistance, slowness 2,
spit poison 1, naga tail 1
a: Spit Poison


You were on level 3 of the Dungeon.
You visited 1 branch of the dungeon, and saw 3 of its levels.

You collected 126 gold pieces.

Inventory:

Hand Weapons
 a - a +1 vampiric dagger
 w - a +2 dagger of speed (weapon)
Missiles
 d - 8 poisoned darts
 e - 2 curare-tipped darts
 h - 58 stones (quivered)
 l - 4 boomerangs
Armour
 b - a +0 robe (worn)
 c - a +0 cloak (worn)
 k - a +1 chain mail of cold resistance
 q - the +3 chain mail of Qazlal's Scorn {Str+5}
   (You found it on level 3 of the Dungeon)

   Str:       It affects your strength (+5).
 r - a +0 buckler
Jewellery
 j - the amulet "Naiheyng" (around neck) {RegenMP rF+ rN+}
   (You found it on level 2 of the Dungeon)

   [amulet of magic regeneration]

   It increases your rate of magic regeneration.
   rF:        It protects you from fire.
   rN:        It protects you from negative energy.
Scrolls
 f - 5 scrolls of identify {unknown}
 g - a scroll of noise {unknown}
 i - a scroll of teleportation {unknown}
 n - 2 scrolls of amnesia {unknown}
 u - a scroll of enchant weapon {unknown}
Potions
 p - a potion of flight {unknown}


   Skills:
 + Level 3.1 Fighting
 + Level 3.2 Short Blades
 - Level 2.3 Throwing
 + Level 0.3 Armour
 - Level 0.7 Dodging
 * Level 8.1 Stealth
 * Level 1.0 Shields


You had 5 spell levels left.
You didn't know any spells.
Your spell library contained the following spells:

 Spells                   Type           Power      Damage    Failure   Level
 Tukima's Dance           Hex            0%         N/A       69%         3
 Anguish                  Hex/Necr       0%         N/A       97%         4
 Enfeeble                 Hex            0%         N/A       100%        7


Dungeon Overview and Level Annotations

Branches:
Dungeon (3/15)

Altars:


Innate Abilities, Weirdness & Mutations

Your serpentine skin is tough. (AC +2)
You have supernaturally acute eyesight. (SInv)
Armour fits poorly on your strangely shaped body.
Your system is resistant to poisons. (rPois)
You cover ground very slowly.
You can spit poison.
You have a snake-like lower body.


Message History

The orc wizard hits you with a +0 dagger.
* * * LOW HITPOINT WARNING * * *
Press: ? - help, v - describe, . - travel
Here: an orc wizard, wielding a +0 dagger and wearing a +0 robe (heavily wounded)
The floor, spattered with blood.
Unknown command.
It was a potion of cancellation.
You feel magically purged. The orc closely misses you.
The orc wizard gestures wildly while chanting.
The orc wizard flickers and vanishes for a moment.
You barely miss the orc wizard.
The orc wizard is heavily wounded.
The orc barely misses you.
The orc wizard hits you with a +0 dagger.
* * * LOW HITPOINT WARNING * * *
Aiming: Spit Poison (1% risk of failure)
Press: ? - help, Shift-Dir - straight line, f - orc wizard
Aim: an orc wizard, wielding a +0 dagger and wearing a +0 robe (heavily wounded, slightly transparent, 50% to hit)
The splash of poison hits the orc wizard!
The orc wizard is poisoned.
You kill the orc wizard!
The orc hits you with a +0 mace.
* * * LOW HITPOINT WARNING * * *
Your Shields skill increases to level 1!
You have reached level 6!
Your skin feels tougher.
The orc hits you but does no damage.
You have got your breath back.
It was a potion of haste.
You feel yourself speed up. The orc hits you with a +0 mace.
* * * LOW HITPOINT WARNING * * *
You feel the dreadful sensation subside.
Your hands tingle!
w - a +2 dagger of speed (weapon)
The orc hits you with a +0 mace.
* * * LOW HITPOINT WARNING * * *
You hit the orc but do no damage. You barely miss the orc.
You hit the orc but do no damage. The orc hits you with a +0 mace.
You die...

.....# #...# .#
####.###...####.#
#...'........# #..##........#
# ##.##.†#.#.#.# .#
####...#........# ..
.....#..#.#.#.#.# .#
####...##.......########.(#..
##.##..#.#.#.@o...........
#.###.......###.))....#.
#.#.####..#.###.#####.#
#.#.## #.##.....#.# ##.##.#
#.##.......# ####...#.#
#.##.....#<#
.....#...###.##.#.....#
.#.#.# ####...#..##.
#.#.###.# ..#.#.# #.##.###.#
#.#.# #.###.#.#.#


You could see an orc.

Vanquished Creatures
  3 orc wizards
  4 adders
  3 gnolls (D:2)
  A worm (D:2)
  4 orcs
  5 endoplasms
  7 giant cockroaches
  6 goblins
  5 hobgoblins
  11 jackals
  5 quokkas
  5 ball pythons
  6 bats
  2 frilled lizards
  6 kobolds
  3 rats
76 creatures vanquished.

Notes
Turn   | Place    | Note
-------+----------+-------------------------------------------
     0 | D:1      | tizbic2 the Naga Brigand began the quest for the Orb.
     0 | D:1      | Reached XP level 1. HP: 19/19 MP: 1/1
    24 | D:1      | Reached skill level 6 in Stealth
   366 | D:1      | Reached XP level 2. HP: 26/26 MP: 2/2
   588 | D:1      | Reached XP level 3. HP: 30/32 MP: 3/3
  1199 | D:2      | Reached skill level 7 in Stealth
  1199 | D:2      | Reached XP level 4. HP: 37/40 MP: 4/4
  1505 | D:2      | Identified the amulet "Naiheyng" {RegenMP rF+ rN+}
  1841 | D:2      | Reached XP level 5. HP: 15/48 MP: 5/5
  2050 | D:2      | Found a faded altar of an unknown god.
  2198 | D:3      | Identified the +3 chain mail of Qazlal's Scorn {Str+5}
  2666 | D:3      | Reached skill level 8 in Stealth
  2688 | D:3      | Reached skill level 1 in Shields
  2688 | D:3      | Reached XP level 6. HP: 5/56 MP: 6/6
  2693 | D:3      | HP: 1/56 [orc/+0 mace (2)]
  2696 | D:3      | Slain by an orc

Illustrated notes

Levels and vault maps discovered:
D:1:      elethiomel_arrival_quiet, layout_rooms
D:2:      layout_loops_cross, hellmonk_ecumenical_altar_arch_garden
D:3:      layout_basic, serial_glass, glass_columns_b, glass_columns_b,
          minmay_misc_feat_tower

Skill      XL: |  1  2  3  4  5 |
---------------+----------------+-----
Stealth        | 6 7 8 |  8.1
Throwing       | 2 |  2.3
Short Blades   | 3 |  3.2
Fighting       | 3 |  3.1
Shields        | 1 |  1.0
Armour         | |  0.3
Dodging        | |  0.7

Action                   |  1- 3 |  4- 6 || total
-------------------------+-------+-------++-------
Melee: Dagger            |    97 |   148 ||   245
       Punch             |     1 |     1 ||     2
Throw: Dart              |    13 |     5 ||    18
       Boomerang         |     4 |       ||     4
       Stone             |     1 |    14 ||    15
 Abil: Spit Poison       |    14 |    16 ||    30
  Use: Potion            |     1 |     4 ||     5
 Stab: Sleeping          |    11 |     8 ||    19
Armor: Robe              |    32 |    32 ||    64
Dodge: Dodged            |    42 |    54 ||    96
